 Dungeon Crawl Stone Soup version 0.28-a0-1624-g820543e53a (webtiles) character file.

Game seed: 2225003325154921819

244 issech the Chucker (level 6, -2/62 HPs)
             Began as an Ogre Hunter on Jan 23, 2022.
             Killed from afar by a steam dragon (12 damage)
             ... with a ball of steam
             ... on level 4 of the Dungeon.
             The game lasted 00:17:36 (3985 turns).

issech the Chucker (Ogre Hunter)                    Turns: 3985, Time: 00:17:37

Health: -2/62      AC:  7    Str: 17    XL:     6   Next: 10%
Magic:  6/6        EV: 10    Int: 12    God:
Gold:   159        SH:  5    Dex: 11    Spells: 5/5 levels left

rFire   . . .      SeeInvis .   p - +0 quarterstaff
rCold   + . .      Faith    .   (shield currently unavailable)
rNeg    . . .      Spirit   .   n - +4 robe "Runt" {Harm Rampage rF+}
rPois   .          Reflect  +   (helmet restricted)
rElec   .          Harm     +   (no cloak)
rCorr   .          Rampage  +   (gloves unavailable)
Will    .....                   (boots unavailable)
Stlth   +.........              i - amulet of reflection
HPRegen 0.20/turn               m - ring of ice
MPRegen 0.10/turn               l - ring of flight

@: flying
A: large, unfitting armour, tough skin 1, mutation resistance 1, sturdy frame 1
a: no special abilities


You were on level 4 of the Dungeon.
You visited 1 branch of the dungeon, and saw 4 of its levels.

You collected 159 gold pieces.

Inventory:

Hand Weapons
 a - a +0 short sword
 g - a +0 spear
 k - a +0 whip
 p - a +0 quarterstaff (weapon)
 u - a +0 trident
 w - a +0 shortbow
Missiles
 c - 5 large rocks (quivered)
 d - 2 throwing nets
 e - 93 stones
 h - 11 sling bullets
 x - 42 arrows
 y - 28 bolts
Armour
 b - a +0 robe
 n - the +4 robe "Runt" (worn) {Harm Rampage rF+}
   (You found it on level 2 of the Dungeon)

   rF:        It protects you from fire.
   Harm:      It increases damage dealt and taken.
   Rampage:   It bestows one free step when moving towards enemies.
Magical Staves
 q - a staff of fire
Jewellery
 f - a ring of ice
 i - an amulet of reflection (around neck)
 l - a ring of flight (right hand)
 m - a ring of ice (left hand)
Wands
 s - a wand of iceblast (7)
Scrolls
 t - 2 scrolls of identify
Potions
 j - a potion of resistance
 o - a potion of might {unknown}
 r - a potion of curing
 v - a potion of attraction {unknown}
 z - a potion of heal wounds {unknown}


   Skills:
 + Level 3.6 Fighting
 + Level 0.7 Short Blades
 + Level 2.4(2.6) Polearms
 + Level 1.2(2.0) Staves
 + Level 4.7 Throwing
 + Level 3.0 Dodging
 + Level 1.0 Stealth
 + Level 1.2 Shields


You had 5 spell levels left.
You didn't know any spells.
Your spell library contained the following spells:

 Spells                   Type           Power      Damage    Failure   Level
 Frozen Ramparts          Ice            0%         1d2       69%         3
 Ice Form                 Ice/Tmut       0%         N/A       97%         4
 Summon Ice Beast         Ice/Summ       0%         N/A       97%         4


Dungeon Overview and Level Annotations

Branches:
Dungeon (4/15)
 Temple: D:4-7

Altars:
Yredelemnul


Innate Abilities, Weirdness & Mutations

You are too large for most types of armour.
You have tough skin. (AC +1)
You are somewhat resistant to further mutation.
Your movements are slightly less encumbered by armour. (ER -2)


Message History

Your Stealth skill increases to level 1!
Your Shields skill increases to level 1!
You have reached level 6!
You feel stronger.
Unknown command.
You rampage towards the dart slug!
You thump the dart slug!
You kill the dart slug!
c - 2 large rocks (gained 1)
c - 4 large rocks (gained 2)
There is a stone staircase leading down here.
Found a leather armour.
c - 5 large rocks (gained 1)
A steam dragon comes into view.
The steam dragon hisses angrily.
The steam dragon breathes steam at you. The ball of steam misses you.
You hear the brisk rusting of a very distant drain.
You are engulfed in a cloud of scalding steam.
You are engulfed in a cloud of scalding steam.
You start resting.
A steam dragon is nearby!
The steam dragon breathes steam at you. The ball of steam hits you!!
Unknown command.
Unknown command.
Unknown command.
You hit the steam dragon.
The steam dragon is moderately wounded.
You are engulfed in a cloud of scalding steam.
The steam dragon bites you but does no damage.
You block the steam dragon's attack.
You closely miss the steam dragon.
The steam dragon is moderately wounded.
You are engulfed in a cloud of scalding steam.
The steam dragon breathes steam at you. The ball of steam hits you!
* * * LOW HITPOINT WARNING * * *
The steam dragon breathes steam at you. The ball of steam hits you!
You die...

######
##########.##.##
#.......#..##..#
#.#####.###..###
#.#####.###>.######
#.##.......##..@§.#
#.##.##†##.##[###D#
##.##.##.####..###.#
.................§.#
.####.###.#.#####..#
.####[##..#.# #D.#
......#.#.#.# #..#
.#####.###.. #.## .#
##.#.#.# #.


You could see a steam dragon (catching breath).

Vanquished Creatures
  A necrophage (D:4)
  A centaur (D:4)
  2 adders
  2 worms
  2 dart slugs
  An orc (D:3)
  5 endoplasms
  3 goblins (D:1)
  2 hobgoblins (D:2)
  A jackal (D:2)
  8 quokkas
  7 ball pythons
  3 bats
  3 frilled lizards
  6 kobolds
  6 rats
53 creatures vanquished.

Notes
Turn   | Place    | Note
-------+----------+-------------------------------------------
     0 | D:1      | issech the Ogre Hunter began the quest for the Orb.
     0 | D:1      | Reached XP level 1. HP: 22/22 MP: 1/1
    78 | D:1      | Reached XP level 2. HP: 6/29 MP: 2/2
  1044 | D:1      | Reached XP level 3. HP: 31/36 MP: 3/3
  1639 | D:2      | Found a basalt altar of Yredelemnul.
  1806 | D:2      | Gained mutation: You are somewhat resistant to further
                  | mutation. [potion of mutation]
  1806 | D:2      | Gained mutation: Your movements are slightly less
                  | encumbered by armour. (ER -2) [potion of mutation]
  1928 | D:2      | Identified the +4 robe "Runt" {Harm Rampage rF+}
  2116 | D:2      | Reached skill level 1 in Polearms
  2549 | D:2      | Found a faded altar of an unknown god.
  2741 | D:2      | Reached XP level 4. HP: 31/45 MP: 4/4
  3661 | D:4      | Noticed a centaur
  3792 | D:4      | Killed a centaur
  3793 | D:4      | Reached XP level 5. HP: 35/53 MP: 5/5
  3933 | D:4      | Noticed a necrophage
  3944 | D:4      | Killed a necrophage
  3945 | D:4      | Reached skill level 1 in Staves
  3945 | D:4      | Reached skill level 1 in Stealth
  3945 | D:4      | Reached skill level 1 in Shields
  3945 | D:4      | Reached XP level 6. HP: 55/62 MP: 6/6
  3976 | D:4      | Noticed a steam dragon
  3985 | D:4      | Killed from afar by a steam dragon

Illustrated notes

Levels and vault maps discovered:
D:1:      minmay_arrival_jagged, layout_basic, minmay_pentomino_s4
D:2:      layout_basic, hellmonk_ecumenical_altar_arch_garden, basic_altar,
          kennysheep_generic_room_10
D:3:      layout_basic, minmay_hedge_maze
D:4:      layout_loops_ring, portal_sewer_entry_e,
          chequers_serial_rivers_small_b, corexii_leaking_fountain, st_stairs_7

Skill      XL: |  1  2  3  4  5 |
---------------+----------------+-----
Dodging        | 2 3 |  3.0
Fighting       | 3 |  3.6
Polearms       | 1 2 |  2.4
Staves         | 1 |  1.2
Stealth        | 1 |  1.0
Shields        | 1 |  1.2
Short Blades   | |  0.7
Throwing       | |  4.7

Action                   |  1- 3 |  4- 6 || total
-------------------------+-------+-------++-------
Melee: Short sword       |    39 |       ||    39
       Spear             |   141 |    22 ||   163
       Punch             |     6 |       ||     6
       Quarterstaff      |       |    17 ||    17
Throw: Large rock        |     4 |     7 ||    11
  Use: Scroll            |     5 |       ||     5
       Potion            |     1 |       ||     1
Armor: Robe              |    68 |    18 ||    86
Dodge: Dodged            |    91 |    15 ||   106
Block: Other             |    20 |    12 ||    32
       Reflection        |       |     1 ||     1

Table legend: (Time is in decaauts)
 A = Elapsed time spent in this place.
 B = Non-inter-level travel time spent in this place.
 C = Inter-level travel time spent in this place.
 D = Time resting spent in this place.
 E = Time spent auto-exploring this place.
 F = Levels seen in this place.
 G = Mean time per level.
                   A        B        C        D        E       F      G
               +--------+--------+--------+--------+--------+-----+--------+
         Total |   4015 |   4015 |      0 |   1049 |   1370 |   4 | 1003.8 |
       Dungeon |   4015 |   4015 |      0 |   1049 |   1370 |   4 | 1003.8 |
               +--------+--------+--------+--------+--------+-----+--------+

Top non-repeatable levels by time:
     D:1: 1536 daAuts
     D:2: 1473 daAuts
     D:3: 766 daAuts
     D:4: 239 daAuts
